 Dungeon Crawl Stone Soup version 0.28.0-45-g0d030f2227 (webtiles) character file.

Game seed: 16470299983138114498

37 gohu the Skirmisher (level 3, 0/34 HPs)
             Began as a Hill Orc Fighter on May 22, 2022.
             Succumbed to an adder's poison
             ... on level 2 of the Dungeon.
             The game lasted 00:01:25 (1475 turns).

gohu the Skirmisher (Hill Orc Fighter)              Turns: 1475, Time: 00:01:26

Health: 0/34       AC:  7    Str: 20    XL:     3   Next: 39%
Magic:  3/3        EV:  9    Int:  8    God:
Gold:   67         SH:  4    Dex: 10    Spells: 2/2 levels left

rFire   . . .      SeeInvis .   a - +0 war axe
rCold   . . .      Faith    .   c - +0 buckler
rNeg    . . .      Spirit   .   b - +0 scale mail
rPois   .          Reflect  .   (no helmet)
rElec   .          Harm     .   (no cloak)
rCorr   .          Rampage  .   (no gloves)
Will    .....                   (no boots)
Stlth   ..........              (no amulet)
HPRegen 0.11/turn               (no ring)
MPRegen 0.08/turn               (no ring)

@: mighty, lethally poisoned (0 -> -4)
A: no striking features
a: no special abilities


You were on level 2 of the Dungeon.
You visited 1 branch of the dungeon, and saw 2 of its levels.

You collected 67 gold pieces.

Inventory:

Hand Weapons
 a - a +0 war axe (weapon)
Armour
 b - a +0 scale mail (worn)
 c - a +0 buckler (worn)
Scrolls
 e - 2 scrolls of teleportation {unknown}
 f - a scroll of identify {unknown}
 g - a scroll of fog {unknown}


   Skills:
 * Level 4.3 Fighting
 * Level 3.6 Axes
 + Level 3.7 Armour
 - Level 3.2 Shields


You had 2 spell levels left.
You didn't know any spells.
Your spell library was empty.

Dungeon Overview and Level Annotations

Branches:
Dungeon (2/15)

Altars:


Message History

You feel very sick. The adder closely misses you.
The adder bites you but does no damage.
You barely miss the adder.
The adder is almost dead.
You feel very sick.
The adder bites you but does no damage. x2
You are too injured to fight recklessly!
You are too injured to fight recklessly!
You are too injured to fight recklessly!
You are too injured to fight recklessly!
You are too injured to fight recklessly!
You are too injured to fight recklessly!
You are too injured to fight recklessly!
You are too injured to fight recklessly!
You are too injured to fight recklessly!
You are too injured to fight recklessly!
You hit the adder but do no damage.
The adder is almost dead.
You feel sick. The adder bites you.
* * * LOW HITPOINT WARNING * * *
You closely miss the adder.
The adder is almost dead.
You feel sick. The adder bites you.
* * * LOW HITPOINT WARNING * * *
You are lethally poisoned!
The adder poisons you! You block the adder's attack.
You closely miss the adder.
The adder is almost dead.
* * * LOW HITPOINT WARNING * * *
You feel sick. You block the adder's attack. The adder misses you.
You feel very mighty all of a sudden.
* * * LOW HITPOINT WARNING * * *
You feel sick. The adder bites you but does no damage.
You closely miss the adder.
The adder is almost dead.
* * * LOW HITPOINT WARNING * * *
You feel sick. You block the adder's attack. x2
You barely miss the adder.
The adder is almost dead.
You die...

..........#
..........#
..........# ###
.....|....# ###.#
..........# #...#
..[.......###...#
#...# #...##
..>....#S###.#.#
######.#.@...#.###.
#.####.........
#..............
#.###....####.#
#####.###.#.##
..........#.####.
................
.##.........##.
#...###......


You could see an adder.

Vanquished Creatures
  3 dart slugs (D:1)
  7 ball pythons
  4 endoplasms
  A hobgoblin (D:1)
  2 quokkas (D:1)
  3 bats (D:1)
  A frilled lizard (D:1)
  4 goblins
  2 kobolds (D:1)
  3 rats (D:1)
30 creatures vanquished.

Notes
Turn   | Place    | Note
-------+----------+-------------------------------------------
     0 | D:1      | gohu the Hill Orc Fighter began the quest for the Orb.
     0 | D:1      | Reached XP level 1. HP: 19/19 MP: 1/1
   204 | D:1      | Reached skill level 4 in Fighting
   204 | D:1      | Reached XP level 2. HP: 23/27 MP: 2/2
   843 | D:1      | Found a faded altar of an unknown god.
   899 | D:1      | Reached XP level 3. HP: 33/33 MP: 3/3
  1359 | D:2      | Identified the +1 ring mail "Wemaus" {rElec Will+ Dex+4}
  1475 | D:2      | Succumbed to an adder's poison

Illustrated notes

Levels and vault maps discovered:
D:1:      scummos_arrival_hexagon, layout_loops_corners,
          ebering_ecumenical_altar_sacrificial
D:2:      wad_river_or_something, layout_rooms, uniq_jessica

Skill      XL: |  1  2 |
---------------+-------+-----
Fighting       | 4 |  4.3
Axes           | 3 |  3.6
Armour         | |  3.7
Shields        | |  3.2

Action                   || total
-------------------------++-------
Melee: War axe           ||    95
  Use: Potion            ||     1
Armor: Scale mail        ||    50
Dodge: Dodged            ||    45
Block: Buckler           ||    21
